 Dungeon Crawl Stone Soup version 0.30.0-5-g1a98f26d00 (webtiles) character file.

Game seed: 12111919580819633141

935 endorz the Cleaver (level 7, -3/66 HPs)
             Began as a Minotaur Berserker on May 12, 2023.
             Was an Elder of Trog.
             Killed by an exploding scorpion (40 damage)
             ... ignited by their inner flame
             ... on level 6 of the Dungeon.
             The game lasted 00:06:52 (4082 turns).

endorz the Cleaver (Minotaur Berserker)             Turns: 4082, Time: 00:06:52

Health: -3/66      AC:  2    Str: 23    XL:     7   Next: 87%
Magic:  6/6        EV: 12    Int:  4    God:    Trog [****..]
Gold:   256        SH:  0    Dex: 10    Spells: 6/6 levels left

rFire   . . .        k - +0 war axe (elec)
rCold   + . .        (no shield)
rNeg    + . .        b - +0 animal skin
rPois   +            (helmet restricted)
rElec   .            (no cloak)
rCorr   .            (no gloves)
SInv    .            (no boots)
Will    .....        C - amulet of regeneration {+regen, !d}
Stlth   +            w - ring "Zuk Zuma" {rC+ rN+}
HPRegen 1.11/turn    D - ring of poison resistance {rPois, !d}
MPRegen 0.10/turn

%: no passive effects
@: marked
A: horns 2, retaliatory headbutt
a: Renounce Religion, Berserk, Trog's Hand, Brothers in Arms


You were on level 6 of the Dungeon.
You worshipped Trog.
Trog was greatly pleased with you.
You visited 1 branch of the dungeon, and saw 6 of its levels.
You also visited: Ossuary.

You collected 256 gold pieces.

Inventory:

Hand Weapons
 a - a +0 hand axe
 k - a +0 war axe of electrocution (weapon)
Armour
 b - a +0 animal skin (worn)
Jewellery
 w - the ring "Zuk Zuma" (left hand) {rC+ rN+}
   (You took it off a goblin on level 4 of the Dungeon)

   [ring of protection from cold]

   rC:        It protects you from cold.
   rN:        It protects you from negative energy.
 C - an amulet of regeneration (around neck) {+regen, !d}
 D - a ring of poison resistance (right hand) {rPois, !d}
Wands
 B - a wand of polymorph (9)
Scrolls
 h - 2 scrolls of noise {!r}
 m - 2 scrolls of teleportation
 n - a scroll of summoning
 o - 7 scrolls of identify
 t - a scroll of immolation {!r}
 u - a scroll of torment {!r}
 v - 3 scrolls of magic mapping {unknown}
 y - a scroll of enchant armour {unknown}
 A - 2 scrolls of fear {unknown}
Potions
 e - a potion of berserk rage {unknown}
 f - 5 potions of lignification {!q}
 g - 6 potions of curing {unknown}
 i - a potion of invisibility {unknown}
 l - 4 potions of degeneration {unknown}
 p - a potion of attraction {unknown}
 q - a potion of might {unknown}
 r - a potion of mutation {unknown}
 s - 2 potions of heal wounds {unknown}
 x - 3 potions of haste {unknown}
 z - a potion of resistance {unknown}
 E - a potion of flight


   Skills:
 + Level 7.2 Fighting
 * Level 9.6 Axes
 - Level 2.4 Armour
 - Level 2.1 Dodging


You had 6 spell levels left.
You didn't know any spells.
Your spell library was empty.

Dungeon Overview and Level Annotations

Branches:
Dungeon (6/15)            Ossuary (visited)
 Temple: D:4-7

Altars:
Cheibriados
Fedhas
Gozag
Qazlal
Trog
Yredelemnul

Shops:
D:5 (


Innate Abilities, Weirdness & Mutations

You have a pair of horns on your head.
You reflexively headbutt those who attack you in melee.


Message History

You drop 4 scrolls of amnesia.
(D) Dungeon
Where to? (Enter - D:5, ? - help)
You see here a Grand Grimoire.
There is a stone staircase leading down here.
You climb downwards.
There is a stone staircase leading up here.
As you read the scroll labelled YRAK WEAROFESMUR, it crumbles to dust.
You hear a loud clanging noise!
It was a scroll of noise.
You hear a shout!
You hear an angry hiss.
As you read the scroll labelled IXESAD YCZUL, it crumbles to dust.
You feel strangely unstable.
It was a scroll of teleportation.
As you read the scroll labelled VIRILA MEILO, it crumbles to dust.
Wisps of shadow whirl around you...
It was a scroll of summoning.
You stop ascending the stairs.
Your surroundings suddenly seem different.
You now have 256 gold pieces (gained 22).
A scorpion comes into view.
As you read the scroll labelled RILLIL ETIG, it crumbles to dust.
It is a scroll of identify.
f - 5 potions of lignification
As you read the scroll labelled WOIFAU CABAEVAU, it crumbles to dust.
The creatures around you are filled with an inner flame!
It was a scroll of immolation.
As you read the scroll labelled ESAPAUDGHORPH, it crumbles to dust.
Your body is wracked with pain!
The scorpion convulses!
Flame seeps out of the scorpion.
It was a scroll of torment.
The scorpion is engulfed in blazing flames.
Flame seeps out of the scorpion.
The scorpion sets off the alarm!
The alarm trap emits a blaring wail!
A sentinel's mark forms upon you.
You hear a shout!
The scorpion attacks as you move away! The scorpion stings you.
You hit the scorpion but do no damage. Lightning courses through the scorpion!
Trog accepts your kill.
The scorpion explodes!
The fiery explosion engulfs you!!!
Ouch! That really hurt!
You die...

.... ..
...###.
.....
#...#
+...+
#...#
+§§§+
###§§§##
#...@§.#
#.####+#
#. ..# .
..# .#
#.# #.
#.# #.#
#.#+###+#


There were no monsters in sight!

Vanquished Creatures
  Menkaure (Ossuary)
  An ice beast (D:5)
  5 scorpions
  A howler monkey (D:4)
  A hound (D:4)
  An iguana (D:5)
  A sleepcap (D:5)
  2 orc wizards (D:4)
  3 mummies (Ossuary)
  11 adders
  4 gnolls (D:2)
  3 worms
  8 orcs
  5 bats
  3 endoplasms
  2 giant cockroaches
  5 gnoll zombies (Ossuary)
  6 goblins
  11 hobgoblins
  6 jackals (D:1)
  4 quokkas
  5 ball pythons
  A frilled lizard (D:2)
  5 gnoll skeletons (Ossuary)
  9 goblin skeletons (Ossuary)
  4 goblin zombies (Ossuary)
  3 hobgoblin skeletons (Ossuary)
  5 hobgoblin zombies (Ossuary)
  11 kobolds
  2 kobold skeletons (Ossuary)
  2 kobold zombies (Ossuary)
  4 orc skeletons (Ossuary)
  5 orc zombies (Ossuary)
  7 rats
  2 rat skeletons (Ossuary)
  4 rat zombies (Ossuary)
153 creatures vanquished.

Notes
Turn   | Place    | Note
-------+----------+-------------------------------------------
     0 | D:1      | endorz the Minotaur Berserker began the quest for the Orb.
     0 | D:1      | Reached XP level 1. HP: 19/19 MP: 0/0
    69 | D:1      | Reached skill level 4 in Axes
   118 | D:1      | Found a faded altar of an unknown god.
   183 | D:1      | Reached XP level 2. HP: 27/27 MP: 1/1
   399 | D:1      | Reached ** piety under Trog
   827 | D:2      | Reached XP level 3. HP: 19/33 MP: 2/2
   833 | D:2      | Reached skill level 5 in Axes
  1094 | D:2      | Reached XP level 4. HP: 31/41 MP: 3/3
  1561 | D:3      | Found an opulent altar of Gozag.
  1887 | D:3      | You fall into a shaft and drop 2 floors!
  1887 | D:5      | Entered Level 5 of the Dungeon
  1896 | D:5      | Reached skill level 6 in Axes
  1905 | D:4      | Reached skill level 5 in Fighting
  1905 | D:4      | Reached XP level 5. HP: 43/48 MP: 4/4
  1925 | D:4      | Reached *** piety under Trog
  1926 | D:4      | Reached skill level 7 in Axes
  1926 | D:4      | Reached XP level 6. HP: 47/56 MP: 5/5
  1992 | D:4      | Found a snail-covered altar of Cheibriados.
  2416 | D:4      | Identified the ring "Zuk Zuma" {rC+ rN+}
  2553 | D:4      | Found a sand-covered staircase.
  2557 | Ossuary  | Entered an ossuary
  2645 | Ossuary  | Reached **** piety under Trog
  2716 | Ossuary  | Reached skill level 8 in Axes
  2839 | Ossuary  | Noticed Menkaure
  2846 | Ossuary  | Killed Menkaure
  2847 | Ossuary  | Reached XP level 7. HP: 64/64 MP: 6/6
  3063 | D:3      | Found a bloodstained altar of Trog.
  3551 | D:5      | Reached skill level 9 in Axes
  3722 | D:5      | Found a stormy altar of Qazlal.
  3724 | D:5      | Found a blossoming altar of Fedhas.
  3832 | D:5      | Found Poakles's Weapon Emporium.
  3909 | D:5      | Found a basalt altar of Yredelemnul.
  4082 | D:6      | Killed by an exploding scorpion... ignited by their inner
                  | flame

Illustrated notes

Levels and vault maps discovered:
D:1:      dpeg_arrival_tiny_a, layout_basic, nicolae_ecumenical_snake_handling
D:2:      layout_basic
D:3:      layout_basic, nicolae_gozag_cash_rules_everything_around_me,
          mainiacjoe_overflow_boulevard
D:4:      layout_cave_pools, mainiacjoe_overflow_six_doors_small,
          enter_ossuary_5, nicolae_half_adder
D:5:      layout_loops_ring, grunt_temple_overflow_forces_of_nature,
          lemuel_doored_altar, serial_shops, nicolae_shop_bloodbath_and_beyond
D:6:      layout_basic, overflow_temple_1_default, nicolae_ashenzari_panopticon,
          lemuel_crystal_altar, chequers_avenue, uniq_maggie

Skill      XL: |  1  2  3  4  5  6  7 |
---------------+----------------------+-----
Axes           | 4 5 6 7 8 9 |  9.6
Fighting       | 4 5 6 7 |  7.2
Armour         | |  2.4
Dodging        | |  2.1

Action                     |  1- 3 |  4- 6 |  7- 9 || total
---------------------------+-------+-------+-------++-------
  Melee: Hand axe          |    71 |     2 |       ||    73
         Headbutt          |    14 |    19 |     9 ||    42
         War axe           |       |   158 |    43 ||   201
         Punch             |       |     2 |       ||     2
         Unarmed           |       |       |     1 ||     1
 Invoke: Berserk           |     1 |     1 |       ||     2
    Use: Potion            |       |     1 |       ||     1
         Scroll            |       |       |     7 ||     7
   Stab: Sleeping          |       |       |     1 ||     1
 Armour: Animal skin       |    14 |    29 |     5 ||    48
  Dodge: Dodged            |    47 |    96 |    20 ||   163
